 Dungeon Crawl Stone Soup version 0.23-a0-169-gb21e69520c (webtiles) character file.

78391 PikkenKukken the Grappler (level 15, 0/120 HPs)
             Began as a Demonspawn Monk on Sept 12, 2018.
             Was a High Priest of Okawaru.
             Succumbed to a redback's poison
             ... on level 1 of the Spider Nest.
             The game lasted 00:46:50 (28116 turns).

PikkenKukken the Grappler (Demonspawn Monk)        Turns: 28116, Time: 00:46:51

Health: 0/120      AC: 17    Str: 18      XL:     15   Next: 18%
Magic:  10/33      EV: 13    Int: 10      God:    Okawaru [*****.]
Gold:   1009       SH: 19    Dex: 16 (17) Spells: 14/14 levels left

rFire    + + +     SeeInvis .     - Unarmed
rCold    . . .     Gourm    +   v - +0 large shield
rNeg     . . .     Faith    .   O - +2 fire dragon scales
rPois    +         Spirit   +   (helmet unavailable)
rElec    .         Reflect  .   I - scarf {rC+ rF+}
rCorr    .         Harm     .   (no gloves)
MR       ++...                  d - +2 pair of boots
Stlth    ++........             R - amulet "Ixoxzam" {Gourm Dex+2 Slay+2}
HPRegen  1.30/turn              w - ring of protection from magic
MPRegen  0.46/turn              Q - ring "Minyu" {rPois MP+9 Int-2 Slay+2} (curse)

@: lethally poisoned (0 -> -40), heroism
A: horns 3, slimy green scales 1, deformed body, deterioration 1, mutation
resistance 1, powered by death 1, magic shield, magic regeneration, magic link,
MP-powered wands
a: Heroism, Finesse, Renounce Religion


You were on level 1 of the Spider Nest.
You worshipped Okawaru.
Okawaru was extremely pleased with you.
You were not hungry.

You visited 5 branches of the dungeon, and saw 20 of its levels.
You also visited: Sewer and Ossuary.

You collected 1792 gold pieces.
You spent 783 gold pieces at shops.

Inventory:

Armour
 d - a +2 pair of boots (worn)
 i - a +4 chain mail of cold resistance
 v - a +0 large shield (worn)
 I - a scarf of resistance (worn)
 O - +2 fire dragon scales (worn)
Jewellery
 k - an uncursed ring of wizardry
 s - an uncursed ring of protection from fire
 w - a ring of protection from magic (left hand)
 G - an uncursed ring of ice
 N - an uncursed ring of flight
 Q - the cursed ring "Minyu" (right hand) {rPois MP+9 Int-2 Slay+2}
   (You found it on level 2 of the Orcish Mines)

   [ring of intelligence]

   It affects your intelligence (-2).
   It affects your accuracy and damage with ranged weapons and melee attacks
   (+2).
   It protects you from poison.
   It affects your magic capacity (+9).
   It has a curse placed upon it.
 R - the amulet "Ixoxzam" (around neck) {Gourm Dex+2 Slay+2}
   (You acquired it on level 2 of the Orcish Mines)

   [amulet of the gourmand]

   It allows you to eat raw meat even when not hungry.
   It affects your dexterity (+2).
   It affects your accuracy and damage with ranged weapons and melee attacks
   (+2).
Wands
 g - a wand of random effects (38)
 p - a wand of flame (126)
 r - a wand of paralysis (14)
 C - a wand of disintegration (22)
 E - a wand of polymorph (27)
 K - a wand of enslavement (27)
 M - a wand of iceblast (34)
Scrolls
 a - a scroll of summoning
 f - 19 scrolls of identify
 n - 8 scrolls of teleportation
 o - 5 scrolls of fear
 q - a scroll of magic mapping
 y - 6 scrolls of remove curse
 A - 5 scrolls of enchant weapon
 D - a scroll of enchant armour
 F - 3 scrolls of amnesia
 H - a scroll of blinking
 L - 4 scrolls of fog
Potions
 c - 5 potions of brilliance
 e - 2 potions of magic
 h - 8 potions of heal wounds
 j - 2 potions of agility
 l - 4 potions of invisibility
 m - 6 potions of flight
 t - a potion of ambrosia
 u - 3 potions of haste
 x - 3 potions of lignification
 z - 8 potions of curing
 B - 3 potions of might
 J - 2 potions of berserk rage
Comestibles
 b - 30 rations


   Skills:
 + Level 11.9(16.9) Fighting
 + Level 10.6(15.6) Armour
 + Level 4.1(9.1) Dodging
 - Level 1.7(6.7) Stealth
 + Level 9.9(14.9) Shields
 * Level 14.8(19.8) Unarmed Combat
 + Level 12.5 Invocations


You had 14 spell levels left.
You didn't know any spells.
Your spell library contained the following spells:

 Spells                   Type           Power        Failure   Level  Hunger
 Beastly Appendage        Tmut           #.....       98%         1    ##.....
 Corona                   Hex            #......      98%         1    ##.....
 Slow                     Hex            #.......     99%         2    ###....
 Sticks to Snakes         Tmut           #.......     99%         2    ###....
 Inner Flame              Hex/Fire       #.......     100%        3    ####...
 Portal Projectile        Hex/Tloc       #.....       100%        3    ####...
 Spider Form              Tmut/Pois      #.........   100%        3    ####...
 Cause Fear               Hex            #.........   100%        4    #####..
 Ice Form                 Ice/Tmut       #.......     100%        4    #####..
 Leda's Liquefaction      Hex/Erth       #.........   100%        4    #####..
 Blade Hands              Tmut           #.........   100%        5    ######.
 Poison Arrow             Conj/Pois      #.........   100%        6    #######
 Chain Lightning          Conj/Air       #.........   100%        8    #######
 Lehudib's Crystal Spear  Conj/Erth      #.........   100%        8    #######
 Fire Storm               Conj/Fire      #.........   100%        9    #######
 Glaciate                 Conj/Ice       #.........   100%        9    #######


Dungeon Overview and Level Annotations

Branches:
Dungeon (10/15)            Temple (1/1) D:6            Lair (6/6) D:9
 Shoals (0/4) Lair:3       Spider (1/4) Lair:3        Slime (0/5) Lair:6
    Orc (2/2) D:9             Elf (0/3) Orc:2

Altars:
Ashenzari
Cheibriados
Dithmenos
Elyvilon
Fedhas
Gozag
Hepliaklqana
Kikubaaqudgha
Makhleb
Nemelex Xobeh
Okawaru
Qazlal
Ru
Sif Muna
Trog
Uskayaw
Vehumet
Wu Jian
Xom
Yredelemnul
Zin
The Shining One
Beogh

Shops:
D:4 %   D:6 ?   Orc:2 ?*(*

Annotations:
D:4 1 runed door
D:7 2 transporters
Spider:1 exclusion: Roxanne, Roxanne


Innate Abilities, Weirdness & Mutations

You have a pair of large horns on your head.
You are partially covered in slimy green scales. (AC +2)
You regenerate a little health from kills.
When hurt, damage is shared between your health and your magic reserves.
You regenerate magic rapidly.
When low on magic, you restore magic in place of health.
Armour fits poorly on your strangely shaped body.
Your body sometimes deteriorates upon taking damage.
You are somewhat resistant to further mutation.
You expend magic power (3 MP) to strengthen your wands.


Message History

Unknown command.
You hit the tarantella.
The tarantella is heavily wounded.
* * * LOW HITPOINT WARNING * * *
You feel sick. The redback bites you.
* * * LOW HITPOINT WARNING * * *
You are more poisoned.
The redback poisons you! You block the tarantella's attack.
The jumping spider leaps!
You block the redback's attack.
You barely miss the tarantella. Your headbutt misses the tarantella.
The tarantella is heavily wounded.
* * * LOW HITPOINT WARNING * * *
You feel very sick. You block the redback's attack.
The tarantella barely misses you. You block the redback's attack.
The redback barely misses you.
Unknown command.
You pummel the tarantella!!
You kill the tarantella!
Okawaru accepts your kill.
You die...

...^####.###^#.......
.....#...#...........
...................8
...................
.................#
.................##
#.......^#........# .#.
.........##....s..#.....
##...##.####.#.†@.§.....
.#.###### ###..s.......
.### #.........# ^#
#...s.....## ##
##..s..#### ##.....#
.....## ##....


You could see an orb spider, a jumping spider and 2 redbacks.

Vanquished Creatures
  An orc warlord (Orc:2)
  An ettin (Orc:1)
  Harold (Lair:1)
  Fannar (Orc:1)
  4 hydras
  4 two-headed ogres
  Urug (D:10)
  10 death yaks
  3 orc high priests (Orc:2)
  Nergalle (Lair:6)
  An unseen horror (D:10)
  A swamp dragon (Lair:6)
  4 orc knights (Orc:2)
  5 orc sorcerers (Orc:2)
  4 orb spiders (Spider:1)
  4 wolf spiders
  A cyclops (Orc:2)
  19 elephants
  Joseph (D:10)
  A guardian serpent (Lair:6)
  12 black mambas
  12 spiny frogs
  5 komodo dragons
  6 gargoyles
  A rime drake (Lair:5)
  7 trolls
  A demonic crawler (Spider:1)
  6 blink frogs
  6 jumping spiders
  3 hornets (Lair:6)
  11 dream sheep
  5 polar bears
  Prince Ribbit (D:8)
  8 hippogriffs
  9 redbacks
  19 yaks
  3 tarantellas (Spider:1)
  16 wyverns
  Sigmund (D:3)
  Grum (D:10)
  3 basilisks
  A warg (Orc:1)
  Edmund (D:4)
  17 water moccasins
  An acid dragon (D:9)
  5 porcupines
  Purgy (D:3)
  39 orc warriors
  3 sky beasts
  2 black bears
  A necrophage (D:8)
  An ice beast (D:10)
  A phantom (D:5)
  11 ogres
  36 wolves
  5 centaurs
  13 crocodiles
  3 big kobolds
  3 elf zombies (Ossuary)
  Blork the orc (D:6)
  2 gnoll sergeants
  11 bullfrogs
  2 scorpions
  12 wights
  6 killer bees (D:10)
  5 electric eels
  2 howler monkeys
  4 crimson imps
  A human zombie (Ossuary)
  3 bullfrog zombies
  9 hounds
  2 jellies (D:8)
  23 orc priests
  2 centaur skeletons
  21 orc wizards
  3 bullfrog skeletons
  5 iguanas
  3 gnoll shamans
  Terence (D:1)
  13 worker ants
  2 big kobold zombies (Ossuary)
  4 mummies (Ossuary)
  A hound skeleton (D:8)
  A worker ant zombie (D:6)
  Robin (D:1)
  18 gnolls
  19 adders
  2 river rats
  2 shadow imps
  An ooze (Sewer)
  An adder zombie (D:6)
  2 adder skeletons
  6 worms
  2 leopard geckos
  119 orcs
  2 bats
  2 giant cockroaches
  13 goblins
  16 hobgoblins
  16 kobolds
  4 quokkas
  3 ball pythons
  6 frilled lizards
  A goblin zombie (Ossuary)
  A hobgoblin zombie (Ossuary)
  2 kobold zombies (Ossuary)
  A quokka skeleton (D:6)
  A quokka zombie (D:7)
  8 rats
  2 rat zombies (Ossuary)
738 creatures vanquished.

Vanquished Creatures (others)
  An orc wizard (Orc:1)
  A bush (Lair:4)
  15 fungi
  18 plants
35 creatures vanquished.

Grand Total: 773 creatures vanquished

Notes
Turn   | Place    | Note
-------+----------+-------------------------------------------
     0 | D:1      | PikkenKukken the Demonspawn Monk began the quest for the
                  | Orb.
     0 | D:1      | Reached XP level 1. HP: 18/18 MP: 1/1
   353 | D:1      | Reached skill level 3 in Unarmed Combat
   463 | D:1      | Gained mutation: You are partially covered in slimy green
                  | scales. (AC +2) [demonic ancestry]
   463 | D:1      | Reached XP level 2. HP: 23/24 MP: 2/2
   838 | D:2      | Noticed Robin
  1158 | D:1      | Reached skill level 1 in Armour
  1170 | D:1      | Gained mutation: When hurt, damage is shared between your
                  | health and your magic reserves. [demonic ancestry]
  1170 | D:1      | Reached XP level 3. HP: 10/29 MP: 3/3
  1183 | D:1      | Killed Robin
  1719 | D:2      | Found a faded altar of an unknown god.
  1929 | D:2      | Gained mutation: You regenerate magic rapidly. [demonic
                  | ancestry]
  1929 | D:2      | Reached XP level 4. HP: 24/36 MP: 4/4
  2033 | D:2      | Noticed Terence
  2113 | D:1      | Killed Terence
  2113 | D:1      | Reached skill level 4 in Unarmed Combat
  2445 | D:3      | Found a burning altar of Makhleb.
  2453 | D:3      | Reached XP level 5. HP: 42/42 MP: 5/5
  2751 | D:3      | Noticed Sigmund
  2770 | D:3      | Killed Sigmund
  2770 | D:3      | Gained mutation: You regenerate a little health from kills.
                  | [demonic ancestry]
  2770 | D:3      | Reached XP level 6. HP: 34/48 MP: 4/6
  2891 | D:3      | Reached skill level 5 in Unarmed Combat
  2935 | D:3      | Noticed Purgy
  2955 | D:3      | Killed Purgy
  3570 | D:4      | Found a glowing drain.
  3625 | Sewer    | Entered a sewer
  3770 | Sewer    | Reached XP level 7. HP: 44/55 MP: 5/7
  4246 | D:4      | Reached skill level 5 in Fighting
  4312 | D:4      | Reached skill level 6 in Unarmed Combat
  4584 | D:4      | Found Puyriah's Food Shoppe.
  4745 | D:4      | Noticed Edmund
  4786 | D:4      | Killed Edmund
  5412 | D:4      | Gained mutation: You have a pair of small horns on your
                  | head. [demonic ancestry]
  5412 | D:4      | Reached XP level 8. HP: 63/63 MP: 8/8
  5521 | D:4      | Found a runed door.
  5863 | D:5      | Entered Level 5 of the Dungeon
  6409 | D:5      | Reached skill level 7 in Unarmed Combat
  6582 | D:5      | Reached skill level 1 in Shields
  6842 | D:5      | Found a bloodstained altar of Trog.
  7201 | D:6      | Found a sand-covered staircase.
  7211 | Ossuary  | Entered an ossuary
  7290 | Ossuary  | Reached skill level 5 in Armour
  7290 | Ossuary  | Gained mutation: When low on magic, you restore magic in
                  | place of health. [demonic ancestry]
  7290 | Ossuary  | Reached XP level 9. HP: 49/71 MP: 9/9
  7390 | Ossuary  | Reached skill level 8 in Unarmed Combat
  7622 | D:6      | Noticed Blork the orc
  7628 | D:6      | Killed Blork the orc
  7633 | D:6      | Found a staircase to the Ecumenical Temple.
  7655 | Temple   | Entered the Ecumenical Temple
  7888 | D:6      | Found Egycuarch's Magic Scroll Shoppe.
  7968 | D:6      | HP: 1/71 [orc warrior/halberd (7)]
  8132 | D:6      | Found a basalt altar of Yredelemnul.
  8295 | D:6      | Found an iron altar of Okawaru.
  8319 | D:6      | Became a worshipper of Warmaster Okawaru
  8319 | D:6      | Reached * piety under Okawaru
  8319 | D:6      | Reached ** piety under Okawaru
  8364 | D:6      | Bought a scroll of remove curse for 33 gold pieces
  8364 | D:6      | Bought a scroll of identify for 22 gold pieces
  8477 | D:6      | Reached skill level 1 in Invocations
  8560 | D:6      | Found a shattered altar of Ashenzari.
  8770 | D:7      | Found a transporter.
  8945 | D:7      | Reached skill level 9 in Unarmed Combat
  9287 | D:7      | Found a transporter.
  9367 | D:7      | Found a stormy altar of Qazlal.
  9482 | D:8      | Reached *** piety under Okawaru
  9707 | D:8      | Reached XP level 10. HP: 75/79 MP: 12/12
  9735 | D:8      | Noticed Prince Ribbit
  9772 | D:8      | Killed Prince Ribbit
 10118 | D:8      | Noticed a two-headed ogre
 10125 | D:8      | Killed a two-headed ogre
 10125 | D:8      | Reached **** piety under Okawaru
 10396 | D:8      | Noticed a gargoyle
 10404 | D:8      | Killed a gargoyle
 10583 | D:8      | Noticed a gargoyle
 10586 | D:8      | Killed a gargoyle
 10586 | D:8      | Reached skill level 10 in Unarmed Combat
 10593 | D:8      | Noticed a gargoyle
 10599 | D:8      | Killed a gargoyle
 10599 | D:8      | Reached skill level 5 in Shields
 10599 | D:8      | Reached skill level 5 in Invocations
 10609 | D:8      | Noticed a gargoyle
 10625 | D:8      | Killed a gargoyle
 10625 | D:8      | Reached ***** piety under Okawaru
 10752 | D:8      | Noticed a gargoyle
 10759 | D:8      | Killed a gargoyle
 10803 | D:8      | Found a sacrificial altar of Ru.
 11191 | D:9      | Reached XP level 11. HP: 43/86 MP: 11/15
 11902 | D:9      | Found a staircase to the Orcish Mines.
 12752 | D:9      | Found a staircase to the Lair.
 12781 | D:9      | Received a gift from Okawaru
 12785 | D:9      | Got an encrusted hat {god gift}
 12791 | D:9      | Identified the +2 hat "Owen" {rCorr Int+3} (Okawaru gifted
                  | it to you on level 9 of the Dungeon)
 12919 | D:10     | Entered Level 10 of the Dungeon
 13291 | D:10     | Killed an unseen horror
 13406 | D:10     | Noticed Grum
 13436 | D:10     | Killed Grum
 13446 | D:10     | Reached skill level 11 in Unarmed Combat
 13915 | D:10     | Noticed Urug
 13938 | D:10     | Killed Urug
 14436 | D:10     | Noticed Joseph
 14456 | D:10     | Killed Joseph
 14637 | Lair:1   | Entered Level 1 of the Lair of Beasts
 14899 | Lair:1   | Noticed Harold
 14916 | Lair:1   | Killed Harold
 15038 | Lair:1   | Gained mutation: You have a pair of horns on your head.
                  | [demonic ancestry]
 15038 | Lair:1   | Reached XP level 12. HP: 83/95 MP: 17/17
 16391 | Lair:2   | Gained mutation: You are dopey. (Int -2) [potion of
                  | mutation]
 16391 | Lair:2   | Gained mutation: You are resistant to hostile enchantments.
                  | (MR+) [potion of mutation]
 16392 | Lair:2   | Lost mutation: You are resistant to hostile enchantments.
                  | (MR+) [potion of mutation]
 16392 | Lair:2   | Lost mutation: You are dopey. (Int -2) [potion of mutation]
 16392 | Lair:2   | Gained mutation: Your natural rate of healing is unusually
                  | fast. [potion of mutation]
 16392 | Lair:2   | Gained mutation: Scrolls take you a little longer to read.
                  | [potion of mutation]
 16392 | Lair:2   | Gained mutation: Armour fits poorly on your strangely
                  | shaped body. [potion of mutation]
 16392 | Lair:2   | Gained mutation: You expend magic power (3 MP) to
                  | strengthen your wands. [potion of mutation]
 16393 | Lair:2   | Lost mutation: Scrolls take you a little longer to read.
                  | [potion of mutation]
 16393 | Lair:2   | Lost mutation: Your natural rate of healing is unusually
                  | fast. [potion of mutation]
 16393 | Lair:2   | Gained mutation: Your body sometimes deteriorates upon
                  | taking damage. [potion of mutation]
 16393 | Lair:2   | Gained mutation: You are somewhat resistant to further
                  | mutation. [potion of mutation]
 16554 | Lair:2   | Reached skill level 12 in Unarmed Combat
 17028 | Lair:3   | Received a gift from Okawaru
 17108 | Lair:3   | Found a labyrinth entrance.
 17319 | Lair:3   | Reached ****** piety under Okawaru
 17342 | Lair:3   | Received a gift from Okawaru
 17357 | Lair:3   | Found a hole to the Spider Nest.
 17458 | Lair:3   | Found a staircase to the Shoals.
 17587 | Lair:3   | Noticed a death yak
 17588 | Lair:3   | Noticed a death yak
 17588 | Lair:3   | Noticed a death yak
 17588 | Lair:3   | Noticed a death yak
 17615 | Lair:3   | Killed a death yak
 17615 | Lair:3   | Reached skill level 10 in Fighting
 17626 | Lair:3   | Killed a death yak
 17635 | Lair:3   | Killed a death yak
 17644 | Lair:3   | Killed a death yak
 18130 | Lair:4   | Noticed a death yak
 18132 | Lair:4   | Noticed a death yak
 18176 | Lair:4   | Killed a death yak
 18176 | Lair:4   | Reached XP level 13. HP: 31/103 MP: 9/20
 18518 | Lair:4   | Reached skill level 10 in Invocations
 18652 | Lair:4   | Reached skill level 13 in Unarmed Combat
 19300 | Lair:4   | Received a gift from Okawaru
 20225 | Lair:5   | You fall through a shaft!
 20225 | Lair:6   | Entered Level 6 of the Lair of Beasts
 21162 | Lair:5   | You fall through a shaft!
 21171 | Lair:6   | Found a staircase to the Slime Pits.
 21205 | Lair:5   | Received a gift from Okawaru
 21452 | Lair:6   | Gained mutation: You have a pair of large horns on your
                  | head. [demonic ancestry]
 21452 | Lair:6   | Reached XP level 14. HP: 73/113 MP: 18/22
 21642 | Lair:6   | Paralysed by a hornet for 2 turns
 21642 | Lair:6   | Noticed Nergalle
 21662 | Lair:6   | Killed Nergalle
 22064 | Lair:6   | Reached skill level 14 in Unarmed Combat
 22096 | Lair:6   | Reached skill level 10 in Armour
 23784 | Orc:1    | Entered Level 1 of the Orcish Mines
 23915 | Orc:1    | Received a gift from Okawaru
 24675 | Orc:1    | Noticed Fannar
 24689 | Orc:1    | Killed Fannar
 24872 | Orc:2    | Entered Level 2 of the Orcish Mines
 25571 | Orc:2    | Found a staircase to the Elven Halls.
 25685 | Orc:2    | Got a vibrating platinum ring
 25687 | Orc:2    | Identified the cursed ring "Minyu" {rPois MP+9 Int-2
                  | Slay+2} (You found it on level 2 of the Orcish Mines)
 25815 | Orc:2    | Found a roughly hewn altar of Beogh.
 25944 | Orc:2    | Found Liuj's General Store.
 26281 | Orc:2    | Found Jutaalue's Antique Weapon Shop.
 26421 | Orc:2    | Noticed an orc warlord
 26472 | Orc:2    | Killed an orc warlord
 26983 | Orc:2    | Reached XP level 15. HP: 115/120 MP: 24/24
 27104 | Orc:2    | Found Himef's Magic Scroll Shop.
 27129 | Orc:2    | Found a roughly hewn altar of Beogh.
 27155 | Orc:2    | Received a gift from Okawaru
 27192 | Orc:2    | Found Katodeh's Assorted Antiques.
 27302 | Orc:2    | Bought a scroll of acquirement for 728 gold pieces
 27306 | Orc:2    | Got a pitted copper amulet
 27307 | Orc:2    | Identified the amulet "Ixoxzam" {Gourm Dex+2 Slay+2} (You
                  | acquired it on level 2 of the Orcish Mines)
 27593 | Spider:1 | Entered Level 1 of the Spider Nest
 28096 | Spider:1 | Noticed Roxanne
 28115 | Spider:1 | HP: 5/120 [poisoned by a redback]
 28116 | Spider:1 | Succumbed to a redback's poison

Vault maps used:
D:1:      dpeg_arrival_tiny_c
D:2:      chequers_ecumenical_altar_island, uniq_robin, uniq_terence
D:3:      makhleb_heckhound_becter, uniq_sigmund, uniq_purgy
D:4:      serial_shops, shop_fountains, cheibrodos_sewer_entry_bend,
          uniq_crazy_yiuf_cottage, uniq_edmund
D:5:      lemuel_coloured_pillars_altar, first_ration, hangedman_decor_riveting
D:6:      marbit_many_paths, okawaru_gym_becter, yredelemnul_altar_generic,
          temple_green, serial_shops, nicolae_shop_window_shopping,
          nicolae_ossuary_entry_monument, uniq_blork_the_orc
D:7:      gammafunk_cloud_chamber, grunt_qazlal_clouds, grunt_ministairs_9
D:8:      cheibrodos_statue_roulette, nicolae_ru_awakened_eye,
          blue_anna_alchemist, uniq_prince_ribbit1
D:9:      kennysheep_housing_project, erik_lair_dragon, erik_orc_2
D:10:     uniq_urug, uniq_grum, uniq_joseph
Temple:   regret_index_temple_generic_petals
Lair:1:   uniq_harold
Lair:2:   grunt_forest_large_clearings, serial_bayou_shore_a
Lair:3:   minmay_shoals_entry_centaurs, nicolae_spider_entry_tight_spaces,
          lab_entry_generic, pond
Lair:4:   beast_lair_carwin_8, grunt_megastairs_3, uniq_nergalle
Lair:5:   beast_lair_carwin_2
Lair:6:   hangedman_lair_tendril_chambers, slime_dummy, hibernation_bobbens
Spider:1: nicolae_spider_mines_1, uniq_roxanne
Orc:1:    statue_in_the_mist_lemuel, uniq_fannar
Orc:2:    pubby_orc_utopia, serial_shops
Sewer:    sewer_co_15_rooms
Ossuary:  ossuary_minmay_tomb_2a

Skill      XL: |  1  2  3  4  5  6  7  8  9 10 11 12 13 14 15 |
---------------+----------------------------------------------+-----
Unarmed Combat | 3 4 5 6 7 9 10 11 12 13 14 | 14.8
Armour         | 1 2 3 4 5 6 7 8 9 10 | 10.6
Fighting       | 4 5 6 7 8 9 10 11 | 11.9
Shields        | 2 4 5 6 7 8 9 |  9.9
Invocations    | 2 5 7 9 11 12 | 12.5
Dodging        | 3 4 |  4.1
Stealth        | |  1.7

Action                   |  1- 3 |  4- 6 |  7- 9 | 10-12 | 13-15 || total
-------------------------+-------+-------+-------+-------+-------++-------
Melee: Unarmed           |   174 |   265 |   858 |  1075 |  1342 ||  3714
       Punch             |     2 |     3 |     4 |       |       ||     9
       Headbutt          |       |       |   145 |   229 |   300 ||   674
Invok: Heroism           |       |       |       |    17 |    25 ||    42
       Finesse           |       |       |       |     4 |    12 ||    16
  Use: Scroll            |     7 |     6 |     6 |     8 |     4 ||    31
       Potion            |       |     2 |     2 |     4 |     1 ||     9
  Eat: Chunk             |     3 |     7 |    20 |    27 |    21 ||    78
       Ration            |       |       |       |       |     6 ||     6
Armor: Scale mail        |    16 |       |       |       |       ||    16
       Chain mail        |    93 |   156 |   512 |   521 |   170 ||  1452
       Fire dragon scale |       |       |       |       |   238 ||   238
Dodge: Dodged            |    69 |    74 |   194 |   285 |   365 ||   987
Block: Shield            |       |       |   282 |   537 |   365 ||  1184
       Large shield      |       |       |       |       |   534 ||   534

Table legend:
 A = Non-vault XP
 B = Vault XP
 C = Vault XP percentage of total XP
 D = Non-vault monster count
 E = Vault monster count
 F = Vault count percentage of total count
                 A         B        C        D         E       F
            +---------+---------+-------+---------+---------+-------
      Total |   59744 |   52244 |  46.7 |     393 |     345 |  46.7
            +---------+---------+-------+---------+---------+-------
        D:1 |      29 |      71 |  71.0 |      15 |      12 |  44.4
        D:2 |      63 |       0 |   0.0 |      11 |       0 |   0.0
        D:3 |     130 |     384 |  74.7 |      18 |       3 |  14.3
        D:4 |     440 |     167 |  27.5 |      29 |       3 |   9.4
        D:5 |     651 |       0 |   0.0 |      20 |       0 |   0.0
        D:6 |    1660 |     206 |  11.0 |      43 |       2 |   4.4
        D:7 |     437 |     239 |  35.4 |      19 |       4 |  17.4
        D:8 |    2492 |    2373 |  48.8 |      25 |       7 |  21.9
        D:9 |    1230 |    3113 |  71.7 |      13 |      56 |  81.2
       D:10 |    2838 |    2009 |  41.4 |      25 |       7 |  21.9
     Lair:1 |    3209 |    3293 |  50.6 |      15 |      19 |  55.9
     Lair:2 |    1960 |     788 |  28.7 |      14 |       7 |  33.3
     Lair:3 |    6636 |    2276 |  25.5 |      19 |      12 |  38.7
     Lair:4 |   12820 |    4750 |  27.0 |      30 |      11 |  26.8
     Lair:5 |    6027 |    1180 |  16.4 |      21 |       4 |  16.0
     Lair:6 |    9789 |   11152 |  53.3 |      30 |      37 |  55.2
   Spider:1 |    6522 |       0 |   0.0 |      17 |       0 |   0.0
      Orc:1 |    2811 |     953 |  25.3 |      29 |       1 |   3.3
      Orc:2 |       0 |   18529 | 100.0 |       0 |     127 | 100.0
      Sewer |       0 |     292 | 100.0 |       0 |      17 | 100.0
    Ossuary |       0 |     469 | 100.0 |       0 |      16 | 100.0
            +---------+---------+-------+---------+---------+-------
